 Dungeon Crawl Stone Soup version 0.30-a0-125-g51eefa89be (webtiles) character file.

Game seed: 98214545578305039

1407 juncz the Frost Mage (level 8, -2/52 (57) HPs)
             Began as a Black Draconian Ice Elementalist on Sept 18, 2022.
             Was an Initiate of Gozag.
             Slain by a wight
             ... wielding a +0 long sword
              (8 damage)
             ... on level 6 of the Dungeon.
             The game lasted 00:21:19 (6735 turns).

juncz the Frost Mage (DrIE)                         Turns: 6735, Time: 00:21:19

HP:   -2/52 (57)    AC:  7    Str: 10    XL:     8   Next: 42%
MP:   27/27         EV: 12    Int: 19    God:    Gozag
Gold: 577           SH:  0    Dex: 11    Spells: 13/20 levels left

rFire   . . .      SeeInvis .    E - +3 dagger (venom)
rCold   + . .      Faith    .    (no shield)
rNeg    . . .      Spirit   .    (body armour unavailable)
rPois   .          Reflect  .    (helmet restricted)
rElec   +          Harm     .    (no cloak)
rCorr   .          Rampage  .    m - +0 pair of gloves
Will    .....                    (no boots)
Stlth   ++........               l - amulet of the acrobat
HPRegen 0.17/turn                v - ring of protection from cold
MPRegen 0.20/turn                y - ring of magical power

@: gold aura, studying Ranged Weapons, drained
A: breathe lightning, AC +6, unfitting armour, electricity resistance,
cold-blooded
a: Breathe Lightning, Renounce Religion, Potion Petition, Call Merchant, Bribe
Branch


You were on level 6 of the Dungeon.
You worshipped Gozag.
Gozag was pleased with you.
You visited 2 branches of the dungeon, and saw 7 of its levels.
You also visited: Sewer.

You collected 624 gold pieces.
You paid 47 gold pieces to Gozag.

Inventory:

Hand Weapons
 c - a +0 short sword
 u - a +4 dagger
 E - a +3 dagger of venom (weapon)
Missiles
 b - 41 stones (quivered)
 h - 4 poisoned darts
Armour
 m - a +0 pair of gloves (worn)
 C - a +2 kite shield
Magical Staves
 i - a staff of earth
 r - a staff of fire
Jewellery
 l - an amulet of the acrobat (around neck)
 v - a ring of protection from cold (left hand)
 y - a ring of magical power (right hand)
 B - a ring of magical power
 D - a +4 ring of evasion
 H - the ring "Vacoidaeth" {*Corrode EV+4 Int+7 Stlth+}
   (You found it in a sewer)

   [ring of evasion]

   EV:        It affects your evasion (+4).
   Int:       It affects your intelligence (+7).
   *Corrode:  It may corrode you when you take damage.
   Stlth:     It makes you more stealthy.
Wands
 G - a wand of iceblast (4)
Scrolls
 f - 2 scrolls of enchant weapon
 j - 2 scrolls of silence
 k - 5 scrolls of blinking
 o - 2 scrolls of acquirement {unknown}
 p - a scroll of poison {unknown}
 q - 2 scrolls of immolation {unknown}
 s - 4 scrolls of teleportation
 t - a scroll of enchant armour {unknown}
 x - 2 scrolls of fear {unknown}
 I - 2 scrolls of brand weapon {unknown}
Potions
 a - 2 potions of magic
 d - 2 potions of lignification {unknown}
 e - 4 potions of curing
 g - a potion of mutation {unknown}
 n - 2 potions of invisibility {unknown}
 w - 2 potions of attraction {unknown}
 z - 2 potions of heal wounds {unknown}
 A - a potion of cancellation {unknown}


   Skills:
 - Level 2.2 Dodging
 - Level 2.2 Stealth
 + Level 6.9 Spellcasting
 + Level 8.3 Ice Magic


You had 13 spell levels left.
You knew the following spells:

 Your Spells              Type           Power      Damage    Failure   Level
a - Freeze                Ice            100%       1d11      1%          1
b - Frozen Ramparts       Ice            76%        1d12      1%          3
c - Ozocubu's Armour      Ice            38%        N/A       1%          3

Your spell library contained the following spells:

 Spells                   Type           Power      Damage    Failure   Level
 Ensorcelled Hibernation  Hex/Ice        44%        N/A       2%          2
 Static Discharge         Conj/Air       12%        2-3/arc   16%         2
 Hailstorm                Conj/Ice       22%        3d7       19%         4
 Portal Projectile        Hex/Tloc       12%        N/A       30%         3
 Spider Form              Tmut/Pois      6%         N/A       30%         3
 Tukima's Dance           Hex            6%         N/A       30%         3
 Anguish                  Hex/Necr       3%         N/A       71%         4
 Arcjolt                  Conj/Air       3%         1d13      96%         5
 Blade Hands              Tmut           3%         N/A       96%         5
 Lightning Bolt           Conj/Air       3%         1d14      96%         5
 Maxwell's Capacitive Co  Air            3%         ∞         100%        8


Dungeon Overview and Level Annotations

Branches:
Dungeon (6/15)             Temple (1/1) D:4           Sewer (visited)

Altars:
Ashenzari
Cheibriados
Dithmenos
Elyvilon
Fedhas
Gozag
Kikubaaqudgha
Nemelex Xobeh
Qazlal
Sif Muna
Trog
Uskayaw
Vehumet
Yredelemnul
Zin
The Shining One


Innate Abilities, Weirdness & Mutations

You can breathe wild blasts of lightning.
Your glossy black scales are hard. (AC +6)
You cannot fit into any form of body armour.
You are resistant to electric shocks. (rElec)
You are cold-blooded and may be slowed by cold attacks.


Message History

The wight hits you with a +1 mace!
You feel drained.
You hit the wight.
The wight is severely damaged.
The wight closely misses you.
You barely miss the wight.
The wight is severely damaged.
The wight barely misses you.
You hit the wight. You tail-slap the wight.
You destroy the wight!
You barely miss the wight.
The wight is moderately damaged.
The wight hits you but does no damage.
You closely miss the wight.
Your tail-slap misses the wight.
The wight is moderately damaged.
The wight closely misses you.
You hit the wight but do no damage.
The wight is moderately damaged.
The wight hits you but does no damage.
You hit the wight.
The wight is heavily damaged.
The wight hits you but does no damage.
You hit the wight but do no damage.
The wight is heavily damaged.
The wight hits you with a +0 long sword!
* * * LOW HITPOINT WARNING * * *
You feel drained.
* * * LOW HITPOINT WARNING * * *
You hit the wight.
The wight is severely damaged.
The wight is distracted by your dazzling golden aura.
The wight hits you with a +0 long sword.
* * * LOW HITPOINT WARNING * * *
You closely miss the wight.
The wight is severely damaged.
The wight hits you but does no damage.
You hit the wight but do no damage.
The wight is severely damaged.
The wight hits you with a +0 long sword!
You die...
Your body crumbles into a pile of gold.

#.##.....##.≈..§...§§
#.##.....##.≈.#####.
.#.
########.##.§.#...
... #.##.§.#._. ≈..#
#.##.≈... .§§.#
#.##.≈.#####§§.§#
#..#.≈......§≈§§#
##...§≈§§≈§≈≈≈.§#
##.....@zzz.§..#
###########...# #


You could see 3 wights.

Vanquished Creatures
  Sigmund (D:4)
  A water moccasin (D:6)
  A black bear (D:5)
  A phantom (D:6)
  Blork the orc (D:6)
  2 bullfrogs (Sewer)
  A necrophage (D:5)
  3 scorpions
  A wight (D:6)
  A howler monkey (D:4)
  4 hounds (D:5)
  2 iguanas (D:6)
  3 orc wizards
  8 adders
  4 white imps
  2 dart slugs
  14 orcs
  12 ball pythons
  2 endoplasms
  10 giant cockroaches
  6 goblins
  7 hobgoblins
  3 jackals (D:5)
  8 kobolds
  9 quokkas
  4 bats
  14 frilled lizards
  4 rats (D:1)
129 creatures vanquished.

Notes
Turn   | Place    | Note
-------+----------+-------------------------------------------
     0 | D:1      | juncz the Draconian Ice Elementalist began the quest for
                  | the Orb.
     0 | D:1      | Reached XP level 1. HP: 14/14 MP: 3/3
   218 | D:1      | Reached XP level 2. HP: 20/20 MP: 1/5
   663 | D:1      | Found a faded altar of an unknown god.
   823 | D:1      | Reached XP level 3. HP: 22/26 MP: 3/6
   829 | D:1      | Learned a level 3 spell: Frozen Ramparts
  1838 | D:3      | Reached XP level 4. HP: 32/33 MP: 2/8
  2263 | D:3      | Learned a level 3 spell: Ozocubu's Armour
  2514 | D:3      | Reached skill level 5 in Ice Magic
  2540 | D:3      | Found a shadowy altar of Dithmenos.
  2584 | D:3      | Noticed a scorpion
  2592 | D:3      | Killed a scorpion
  2593 | D:3      | Reached XP level 5. HP: 38/38 MP: 1/10
  3118 | D:4      | Reached XP level 6. HP: 25/45 MP: 0/12
  3360 | D:4      | Noticed Sigmund
  3399 | D:4      | Killed Sigmund
  3400 | D:4      | Reached skill level 6 in Ice Magic
  3827 | D:4      | Found a staircase to the Ecumenical Temple.
  3832 | Temple   | Entered the Ecumenical Temple
  3982 | Temple   | Became a worshipper of Gozag Ym Sagoz the Greedy
  4131 | D:5      | Entered Level 5 of the Dungeon
  4145 | D:5      | Reached skill level 5 in Spellcasting
  4145 | D:5      | Your scales start taking on a glossy black colour.
  4145 | D:5      | Reached XP level 7. HP: 38/50 MP: 14/14
  4145 | D:5      | Gained mutation: You are resistant to electric shocks.
                  | (rElec) [Black Draconian growth]
  4290 | D:5      | Found a glowing drain.
  4301 | Sewer    | Entered a sewer
  4629 | Sewer    | Reached skill level 7 in Ice Magic
  4650 | Sewer    | Identified the ring "Vacoidaeth" {*Corrode EV+4 Int+7
                  | Stlth+}
  5183 | D:5      | Reached XP level 8. HP: 57/57 MP: 12/17
  5945 | D:6      | Reached skill level 8 in Ice Magic
  6408 | D:6      | Found a broken altar of Ashenzari.
  6494 | D:6      | Noticed Blork the orc
  6500 | D:6      | Killed Blork the orc
  6680 | D:6      | Found a glowing golden altar of the Shining One.
  6735 | D:6      | Slain by a wight

Illustrated notes

Levels and vault maps discovered:
D:1:      minmay_arrival_jagged, layout_basic,
          shapermc_ecumenical_altar_mp_ritualfount,
          minmay_misc_feat_four_crosses
D:2:      layout_basic
D:3:      layout_basic, nicolae_dithmenos_shadow_blocks, minmay_goblin_outpost
D:4:      layout_cave_pools, temple_doors_ab, uniq_sigmund
D:5:      layout_cave_pools, gup_sewer_entry_bubbles, reono_crystal_passage
D:6:      layout_rooms, mainiacjoe_overflow_brackets,
          mainiacjoe_overflow_concentric_impassable, minmay_manual_maat,
          uniq_blork_the_orc
Temple:   oiseaux_autumnal_temple

Skill      XL: |  1  2  3  4  5  6  7  8 |
---------------+-------------------------+-----
Stealth        | 2 |  2.2
Dodging        | 2 |  2.2
Spellcasting   | 3 4 5 6 |  6.9
Ice Magic      | 5 6 7 8 |  8.3

Action                   |  1- 3 |  4- 6 |  7- 9 || total
-------------------------+-------+-------+-------++-------
Melee: Short sword       |    13 |       |       ||    13
       Tailslap          |     3 |     1 |    16 ||    20
       Staff             |     1 |    19 |       ||    20
       Dagger            |       |     5 |    98 ||   103
       Punch             |       |       |     4 ||     4
Throw: Stone             |     1 |     4 |     5 ||    10
 Cast: Freeze            |    44 |    15 |    41 ||   100
       Frozen Ramparts   |     7 |    17 |    31 ||    55
       Ozocubu's Armour  |       |     2 |     5 ||     7
  Use: Scroll            |       |     3 |     1 ||     4
       Potion            |       |       |     1 ||     1
 Stab: Sleeping          |     1 |       |     1 ||     2
Armor: Skin              |    14 |    14 |    39 ||    67
Dodge: Dodged            |    34 |    47 |    92 ||   173

Table legend: (Time is in decaauts)
 A = Elapsed time spent in this place.
 B = Non-inter-level travel time spent in this place.
 C = Inter-level travel time spent in this place.
 D = Time resting spent in this place.
 E = Time spent auto-exploring this place.
 F = Levels seen in this place.
 G = Mean time per level.
                   A        B        C        D        E       F      G
               +--------+--------+--------+--------+--------+-----+--------+
         Total |   6887 |   6749 |    138 |   1285 |   4168 |   8 |  860.9 |
       Dungeon |   5857 |   5739 |    118 |   1285 |   3441 |   6 |  976.2 |
        Temple |    175 |    155 |     20 |      0 |    135 |   1 |  175.0 |
         Sewer |    854 |    854 |      0 |      0 |    591 |   1 |  854.0 |
               +--------+--------+--------+--------+--------+-----+--------+

Top non-repeatable levels by time:
     D:3: 1280 daAuts
     D:1: 1124 daAuts
     D:6: 1042 daAuts
     D:4: 972 daAuts
   Sewer: 854 daAuts
     D:5: 852 daAuts
     D:2: 585 daAuts
  Temple: 175 daAuts
